Map: Frozen Temple

Players

ImperiusWZRD

  • Race: Terran Terran
  • League: Silver

Gracz - Winner!

  • Race: Protoss Protoss
  • League: Silver

VOD

Have the link to the VOD?

Description

Time

  • Played on: Oct. 14, 2016, 3:14 p.m.
  • Length: 9:56
Show
View Real Time Build Order
Export as new Build Order

ImperiusWZRD Terran 

Build Orders:  

Get SALT Encoding   

  12  0:05  SCV  
  13  0:17  SCV  
  14  0:21  Supply Depot  
  14  0:31  Refinery, SCV  
  15  0:46  Barracks  
  15  0:49  SCV  
  16  1:01  SCV  
  17  1:15  SCV  
  18  1:27  SCV  
  19  1:39  SCV  
  20  1:43  Barracks Reactor  
  20  1:46  Barracks  
  20  1:47  Refinery  
  20  2:03  Supply Depot  
  20  2:19  SCV  
  20  2:22  Marine  
  22  2:27  Command Center  
  22  2:29  Marine  
  22  2:31  SCV  
  22  2:35  Barracks Tech Lab  
  24  2:48  SCV  
  25  2:54  Marine x2  
  27  3:07  Factory  
  27  3:08  SCV  
  28  3:18  Marine  
  28  3:19  Marine  
  30  3:26  Supply Depot  
  30  3:38  Orbital Command  
  30  3:39  Marauder  
  32  3:47  Orbital Command  
  32  3:57  Stimpack  
  32  3:59  Widow Mine  
  34  4:12  Starport  
  34  4:25  Marine x2  
  34  4:29  SCV  
  34  4:30  Refinery, SCV  
  38  4:42  SCV x2  
  38  4:43  Factory Tech Lab  
  40  4:57  Starport Reactor, SCV  
  40  4:58  SCV  
  42  5:09  Marine x2  
  42  5:10  SCV  
  42  5:12  Marauder  
  47  5:15  Cyclone  
  51  5:35  Engineering Bay  
  51  5:38  Supply Depot  
  51  5:42  Liberator  
  51  5:44  Refinery  
  51  5:46  Medivac  
  56  6:11  Barracks  
  52  6:34  Marine x3  
  52  6:38  Siege Tank  
  58  6:46  Starport  
  58  6:52  Marauder  
  42  7:46  Marine x3  
  44  7:52  Command Center  
  44  7:57  Liberator, Barracks Reactor  
  44  7:58  Liberator  
  39  8:04  Marine x2  
  39  8:05  Marauder  
  38  8:22  Marine x2  
  38  8:26  Marine  
  38  8:35  Marine x2  
  38  8:39  Marine  
  38  8:40  Marine  
  39  8:44  Marauder  
  41  8:52  Starport Reactor  
  41  9:00  Supply Depot  
  41  9:03  Marine x4, Supply Depot  
  41  9:05  Marauder  
  47  9:20  Medivac  
  47  9:21  Medivac, Marine x3  
  47  9:23  Marine  
  55  9:27  Marauder  
  52  9:33  Engineering Bay  
Show
View Real Time Build Order
Export as new Build Order

Gracz Protoss - Winner!

Build Orders:  

Get SALT Encoding   

  12  0:01  Probe (Chrono Boost)  
  13  0:15  Pylon  
  13  0:18  Probe (Chrono Boost)  
  14  0:32  Assimilator  
  14  0:34  Probe (Chrono Boost)  
  15  0:45  Probe (Chrono Boost)  
  16  0:53  Pylon  
  16  0:55  Probe (Chrono Boost)  
  17  1:06  Probe (Chrono Boost)  
  18  1:13  Gateway  
  18  1:15  Gateway  
  18  1:21  Probe (Chrono Boost)  
  19  1:35  Probe (Chrono Boost)  
  20  1:45  Probe (Chrono Boost)  
  21  1:53  Nexus  
  21  1:57  Pylon  
  21  2:08  Assimilator  
  21  2:21  Gateway  
  21  2:23  Gateway  
  21  2:27  Probe (Chrono Boost)  
  22  2:40  Probe (Chrono Boost)  
  23  2:50  Probe (Chrono Boost)  
  24  2:51  Cybernetics Core  
  24  2:59  Gateway  
  24  3:01  Probe (Chrono Boost)  
  25  3:09  Probe (Chrono Boost)  
  25  3:11  Probe (Chrono Boost)  
  25  3:12  Warp Gate  
  27  3:19  Assimilator, Probe (Chrono Boost)  
  28  3:21  Assimilator  
  28  3:23  Probe (Chrono Boost)  
  29  3:40  Robotics Facility  
  29  3:44  Robotics Facility  
  29  3:52  Probe (Chrono Boost)  
  29  3:53  Probe (Chrono Boost)  
  31  4:03  Probe (Chrono Boost)  
  31  4:06  Probe (Chrono Boost)  
  33  4:13  Probe (Chrono Boost)  
  34  4:20  Probe (Chrono Boost)  
  36  4:24  Probe (Chrono Boost)  
  36  4:26  Robotics Facility  
  37  4:32  Probe (Chrono Boost), Twilight Council  
  37  4:36  Pylon, Mothership Core (Chrono Boost)  
  39  4:57  Nexus  
  39  5:00  Pylon  
  39  5:05  Pylon  
  39  5:07  Probe (Chrono Boost)  
  39  5:09  Probe (Chrono Boost)  
  41  5:18  Blink  
  41  5:20  Robotics Bay  
  41  5:23  Probe (Chrono Boost)  
  41  5:24  Probe (Chrono Boost)  
  43  5:34  Probe (Chrono Boost)  
  45  5:36  Probe (Chrono Boost)  
  45  5:44  Forge  
  45  5:45  Probe (Chrono Boost)  
  45  5:47  Templar Archives  
  46  5:52  Forge  
  46  6:02  Probe (Chrono Boost)  
  46  6:03  Probe (Chrono Boost)  
  48  6:09  Stalker  
  48  6:10  Stalker x2  
  54  6:16  Probe (Chrono Boost)  
  55  6:26  Stalker x2  
  55  6:27  Psionic Storm  
  55  6:30  Probe x2 (Chrono Boost)  
  55  6:31  Probe (Chrono Boost)  
  62  6:41  Probe x2 (Chrono Boost)  
  62  6:43  Probe (Chrono Boost)  
  62  6:44  Stalker  
  67  6:47  Stalker  
  67  6:51  Probe x2 (Chrono Boost)  
  72  6:55  Probe (Chrono Boost)  
  68  7:22  Stalker  
  64  7:23  Stalker x3  
  70  7:43  Colossus x3  
  70  7:47  Stalker  
  70  7:48  Stalker  
  90  8:23  Stalker  
  92  8:43  Pylon  
  92  8:46  Pylon  
  92  8:54  Colossus  
  98  9:15  High Templar  
  98  9:16  High Templar x3  
  106  9:20  Stalker  
Tags
 
Add a new tag
Caveats
  • Supply blocks, unpowered buildings, or Contaminate may cause inaccurate times.
  • Supply counts are checked every 10 seconds.